 Dungeon Crawl Stone Soup version 0.22-a0-803-gd6d8abe (webtiles) character file.

513 BaronVonScrub the Slasher (level 7, -1/64 HPs)
             Began as a Naga Monk on July 22, 2018.
             Was a Believer of Cheibriados.
             Killed by divine providence
             ... invoked by an orc priest
              (11 damage)
             ... on level 4 of the Dungeon.
             The game lasted 00:11:09 (3710 turns).

BaronVonScrub the Slasher (Naga Monk)               Turns: 3710, Time: 00:11:09

Health: -1/64      AC:  4    Str: 18    XL:     7   Next: 19%
Magic:  7/7        EV: 10    Int: 14    God:    Cheibriados [**....]
Gold:   159        SH:  7    Dex: 19    Spells: 6/6 levels left

rFire    . . .     SeeInvis +   a - +0 falchion
rCold    . . .     Gourm    .   k - -1 shield (curse)
rNeg     . . .     Faith    .   b - +0 robe
rPois    +         Spirit   .   (no helmet)
rElec    .         Reflect  .   (no cloak)
rCorr    .         Harm     .   j - +0 pair of gloves
MR       .....                  (no barding)
Stlth    +++.......             e - amulet of regeneration
HPRegen  0.60/turn              (no ring)
MPRegen  0.10/turn              (no ring)

@: very slow
A: large, see invisible, deformed body, poison resistance, slowness 2, slow
metabolism 1, spit poison 1, AC +2
a: Spit Poison, Bend Time, Renounce Religion


You were on level 4 of the Dungeon.
You worshipped Cheibriados.
Cheibriados was pleased with you.
You were hungry.

You visited 2 branches of the dungeon, and saw 5 of its levels.

You collected 159 gold pieces.

Inventory:

Hand Weapons
 a - a +0 falchion (weapon)
Armour
 b - a +0 robe (worn)
 j - a +0 pair of gloves (worn)
 k - a cursed -1 shield (worn)
Jewellery
 e - an amulet of regeneration (around neck)
 g - an uncursed amulet of the gourmand
Wands
 m - a wand of paralysis (15)
 q - a wand of iceblast (7)
 r - a wand of polymorph (8)
Scrolls
 i - 3 scrolls of identify
 o - a scroll of blinking
 p - a scroll of fear
 s - a scroll of teleportation
Potions
 d - 2 potions of cancellation
 l - a potion of agility
 n - a potion of degeneration
Comestibles
 c - 6 rations


   Skills:
 + Level 4.2 Fighting
 + Level 5.2 Long Blades
 + Level 4.3 Dodging
 + Level 5.1 Stealth
 + Level 0.2 Unarmed Combat


You had 6 spell levels left.
You didn't know any spells.
Your spell library was empty.

Dungeon Overview and Level Annotations

Branches:
Dungeon (4/15)             Temple (1/1) D:4

Altars:
Cheibriados
Fedhas
Nemelex Xobeh
Ru
Vehumet
Wu Jian
Xom
Yredelemnul
The Shining One


Innate Abilities, Weirdness & Mutations

You cannot wear boots.
Your serpentine skin is tough. (AC +2)
You have supernaturally acute eyesight. (SInv)
Armour fits poorly on your strangely shaped body.
Your system is resistant to poisons. (rPois)
You cover ground very slowly.
You have a slow metabolism.
You can spit poison.


Message History

The orc warrior hits you with a glaive!!
* * * LOW HITPOINT WARNING * * *
An orc priest comes into view.
You block the orc warrior's attack.
The orc priest shouts!
Blink to where?
Press: ? - help, Dir - move target cursor, f - you
Okay, then.
Blink to where?
Press: ? - help, Dir - move target cursor, f - you
Okay, then.
Okay, then.
You feel better.
An orc comes into view. It is wielding a trident.
The orc warrior hits you with a glaive!
* * * LOW HITPOINT WARNING * * *
You feel better.
The orc priest calls down the wrath of Beogh upon you.
Beogh smites you!
You die...

##.##.# #.#.##
###...#.########....####
.......<...............+
##oo.#.########....####
##o##.### #.#.## #
#(.....# #.### #..o...#
#.# #.##o#.# ##.#
#.##@#.# #..# #....#.#
#.## #......# #.# #
#..###.# #.# # #.. #.#
#.######## #.. ..#
#...)..... ##. ###
########## .. ##


You could see an orc warrior, an orc priest and 3 orcs.

Vanquished Creatures
  Eustachio (D:4)
  A howler monkey (D:4)
  A centaur zombie (D:4)
  An iguana (D:4)
  2 orc wizards
  2 worker ants
  Robin (D:2)
  A gnoll (D:3)
  5 adders
  2 oozes
  3 dart slugs (D:1)
  2 worms (D:2)
  A leopard gecko (D:1)
  8 orcs
  4 bats
  4 giant cockroaches
  15 goblins
  12 hobgoblins
  4 ball pythons
  12 frilled lizards
  6 kobolds
  6 rats
94 creatures vanquished.

Notes
Turn   | Place    | Note
-------+----------+-------------------------------------------
     0 | D:1      | BaronVonScrub the Naga Monk began the quest for the Orb.
     0 | D:1      | Reached XP level 1. HP: 21/21 MP: 1/1
    21 | D:1      | Reached XP level 2. HP: 3/28 MP: 2/2
   671 | D:1      | Reached XP level 3. HP: 22/34 MP: 3/3
   849 | D:1      | Found a glowing golden altar of the Shining One.
  1265 | D:2      | Reached XP level 4. HP: 42/42 MP: 4/4
  1444 | D:2      | Noticed Robin
  1654 | D:2      | Killed Robin
  2056 | D:3      | Reached XP level 5. HP: 49/49 MP: 5/5
  3019 | D:4      | Noticed Eustachio
  3028 | D:4      | Reached XP level 6. HP: 12/57 MP: 6/6
  3214 | D:4      | Killed Eustachio
  3214 | D:4      | Reached skill level 5 in Long Blades
  3214 | D:4      | Reached skill level 5 in Stealth
  3223 | D:4      | Found a sacrificial altar of Ru.
  3380 | D:4      | Found a staircase to the Ecumenical Temple.
  3392 | Temple   | Entered the Ecumenical Temple
  3403 | Temple   | Became a worshipper of Cheibriados the Contemplative
  3403 | Temple   | Reached * piety under Cheibriados
  3403 | Temple   | Reached ** piety under Cheibriados
  3576 | D:4      | Reached XP level 7. HP: 24/64 MP: 7/7
  3709 | D:4      | HP: 1/64 [orc warrior/glaive (12)]
  3710 | D:4      | Killed from afar by an orc priest

Vault maps used:
D:1:      dpeg_arrival_oval, tso_altar
D:2:      minmay_misc_feat_nine_boxes, uniq_robin
D:3:      first_ration, kennysheep_generic_room_11
D:4:      nicolae_ru_awakened_eye, temple_pool_b, uniq_eustachio
Temple:   nicolae_temple_the_god_donut

Skill      XL: |  1  2  3  4  5  6 |
---------------+-------------------+-----
Dodging        | 3 4 |  4.3
Stealth        | 4 5 |  5.1
Long Blades    | 4 5 |  5.2
Fighting       | 4 |  4.2
Unarmed Combat | |  0.2

Action                   |  1- 3 |  4- 6 |  7- 9 || total
-------------------------+-------+-------+-------++-------
Melee: Falchion          |    91 |   233 |    19 ||   343
       Unarmed           |       |     9 |       ||     9
  Use: Potion            |     4 |     3 |     3 ||    10
       Scroll            |     3 |     8 |       ||    11
 Stab: Sleeping          |     8 |     8 |       ||    16
       Distracted        |       |     1 |       ||     1
  Eat: Chunk             |       |     3 |       ||     3
       Ration            |       |     1 |       ||     1
Armor: Robe              |    19 |    45 |     4 ||    68
       Skin              |       |    11 |       ||    11
Dodge: Dodged            |    61 |   186 |    11 ||   258
Block: Shield            |     1 |    82 |     2 ||    85
       Rpst.: Falchion   |    18 |    38 |     3 ||    59

Table legend:
 A = Spawn XP
 B = Non-spawn XP
 C = Spawn XP percentage of total XP
 D = Spawn monster count
 E = Non-spawn monster count
 F = Spawn count percentage of total count
 G = Total turns spent on level
                    A         B        C        D         E        F      G
               +---------+---------+-------+---------+---------+-------+---------
         Total |       0 |     733 |   0.0 |       0 |      94 |   0.0 |  3710
               +---------+---------+-------+---------+---------+-------+---------
           D:1 |       0 |      57 |   0.0 |       0 |      26 |   0.0 |  1100
           D:2 |       0 |     105 |   0.0 |       0 |      35 |   0.0 |   877
           D:3 |       0 |     148 |   0.0 |       0 |      20 |   0.0 |  1171
           D:4 |       0 |     423 |   0.0 |       0 |      13 |   0.0 |   536
               +---------+---------+-------+---------+---------+-------+---------
